 Dungeon Crawl Stone Soup version 0.19.5 (webtiles) character file.

57142 EvilAshe the Severer (level 14, -8/195 HPs)
             Began as a Minotaur Abyssal Knight on Apr 21, 2017.
             Was the Champion of Lugonu.
             Killed from afar by a rakshasa (illusionary) (36 damage)
             ... with an orb of energy
             ... on level 12 of the Dungeon.
             The game lasted 01:19:23 (26293 turns).

EvilAshe the Severer (Minotaur Abyssal Knight)     Turns: 26293, Time: 01:19:24

Health: -8/195     AC: 27    Str: 21    XL:     14   Next: 44%
Magic:  21/21      EV:  2    Int:  9    God:    Lugonu [******]
Gold:   912        SH:  0    Dex: 11    Spells: 0 memorised, 13 levels left

rFire  + . .     SeeInvis .     a - +1 battleaxe (elec)
rCold  + . .     Gourm    .     (armour currently unavailable)
rNeg   + + +     Faith    .     (shield currently unavailable)
rPois  +         Spirit   .     (helmet currently unavailable)
rElec  +         Reflect  .     (cloak currently unavailable)
rCorr  .         Harm     .     (gloves currently unavailable)
MR     +....     NoTele   +     (boots currently unavailable)
Stlth  +.........               (no amulet)
                                A - ring "Umabump" {rElec rC+}
                                x - ring of protection from fire

@: lethally poisoned (-8 -> -12), tree-form
A: (retaliatory headbutt), (hooves 0), (horns 0)
a: Depart the Abyss, Bend Space, Banish, Corrupt, Enter the Abyss, Brand Weapon
With Distortion, Renounce Religion


You were on level 12 of the Dungeon.
You worshipped Lugonu.
Lugonu was exalted by your worship.
You were not hungry.
You were a tree.
You visited 2 branches of the dungeon, and saw 18 of its levels.
You visited the Abyss 1 time.
You also visited: Labyrinth, Sewer and Ossuary.

You collected 1455 gold pieces.
You spent 543 gold pieces at shops.

Inventory:

Hand Weapons
 a - a +1 battleaxe of electrocution (weapon)
 b - a +2 broad axe of flaming
Missiles
 s - 13 tomahawks (quivered)
Armour
 e - a +1 cloak (melded)
 N - a +0 pair of gloves (melded)
 O - +0 shadow dragon scales (melded)
 Q - +0 mottled dragon scales
Jewellery
 p - an uncursed ring of resist corrosion
 x - a ring of protection from fire (left branch)
 A - the ring "Umabump" (right branch) {rElec rC+}
   (You took it off a minotaur in a labyrinth)

   [ring of protection from cold]

   It protects you from cold.
   It insulates you from electricity.
 F - an uncursed ring of positive energy
 G - an uncursed ring of poison resistance
 K - an uncursed ring of flight
 X - an uncursed ring of see invisible
Wands
 d - a wand of iceblast (3/15)
 q - a wand of digging (13/24)
 y - a wand of digging (8/24)
 E - a wand of acid (2/15)
 H - a wand of iceblast (9/15)
 L - a wand of acid (3/15)
 S - a wand of lightning (8/15)
 V - a wand of lightning (9/15)
Scrolls
 f - 4 scrolls of fog
 k - 10 scrolls of remove curse
 m - 10 scrolls of teleportation
 o - a scroll of silence {unknown}
 w - 4 scrolls of identify
 D - 4 scrolls of immolation
 R - 4 scrolls of amnesia
 T - a scroll of blinking
 Z - a scroll of enchant armour
Potions
 g - 2 potions of cure mutation
 i - 3 potions of invisibility
 j - 3 potions of lignification
 l - 3 potions of brilliance
 r - 11 potions of heal wounds
 t - 6 potions of might
 u - 4 potions of cancellation
 z - 3 potions of curing
 B - a potion of berserk rage
 C - 3 potions of resistance
 M - 2 potions of flight
 Y - 4 potions of haste
Miscellaneous
 U - a phial of floods
 W - a lamp of fire
Comestibles
 c - 17 bread rations
 h - 7 beef jerkies
 v - 9 fruits
 I - 13 slices of pizza
 J - 5 meat rations


   Skills:
 + Level 13.7 Fighting
 * Level 17.9 Axes
 + Level 13.7 Armour
 + Level 5.8 Dodging
 + Level 11.0 Invocations


You had 13 spell levels left.
You didn't know any spells.

Dungeon Overview and Level Annotations

Branches:
Dungeon (12/15)            Temple (0/1) D:6            Lair (6/6) D:9
  Swamp (0/4) Lair:3       Spider (0/4) Lair:4        Slime (0/5) Lair:6
    Orc (0/2) D:10

Altars:
Dithmenos
Elyvilon
Fedhas
Gozag
Nemelex Xobeh
Okawaru
Jiyva

Shops:
D:5 }   D:7 (   D:10 (([(%

Annotations:
D:5 exclusions: 2 doors and 1 more exclusion
D:10 1 exclusion
Lair:3 exclusion: oklob plant


Innate Abilities, Weirdness & Mutations

((You reflexively headbutt those who attack you in melee.))
((You have a pair of horns on your head.))
((You have large cloven feet.))


Message History

You turn into a tree.
Your +1 cloak melds into your body.
Your +0 pair of gloves melds into your body.
Your +0 shadow dragon scales melds into your body.
Your roots penetrate the ground.
The rakshasa hits you but does no damage.
You are poisoned.
The rakshasa hits you with a halberd of venom.
* * * LOW HITPOINT WARNING * * *
You are more poisoned.
You closely miss the rakshasa.
The rakshasa is almost dead.
You feel sick.
The rakshasa hits you from afar with a halberd of venom.
* * * LOW HITPOINT WARNING * * *
You barely miss the rakshasa.
The rakshasa is almost dead.
You feel sick. The rakshasa gestures at you. The orb of energy hits you!
You die...

...........(.......##.#
............=......##.#
############(.......#.#
###(.....#.# ##(....#.#
#.....#.###########
##.)..#............
#....#............
#♣...#............
#R...############# #.R..# #
##....# # #.R...# #
##.....# #
###......#############
#........#............
.R...........##############


You could see 3 rakshasas.

Vanquished Creatures
  A fire dragon (Lair:6)
  The ghost of Sanvar the Stormcaller, a journeyman TeAE of Ru (Lair:3)
  A minotaur (Lab)
  The ghost of McKennaii the Zephyrmancer, a journeyman HEAE of Sif Muna (D:12)
  A centaur warrior (D:11)
  6 hydras
  7 death yaks
  A fire crab (Lair:6)
  2 unseen horrors (D:12)
  4 hill giants
  Pikel (D:5)
  6 ugly things
  A manticore (D:11)
  2 cyclopes
  9 elephants
  3 black mambas
  2 molten gargoyles (Lair:6)
  A gargoyle (D:10)
  11 spiny frogs
  The ghost of Alannah the Skirmisher, a novice GrBe of Trog (D:5)
  3 rime drakes
  7 komodo dragons
  A meliai (D:10)
  4 jumping spiders (Lair:4)
  2 hornets
  10 hippogriffs
  12 blink frogs
  3 slime creatures (D:12)
  2 redbacks (Lair:4)
  2 shadows (D:12)
  A vampire (D:10)
  3 wraiths
  3 wyverns
  5 basilisks
  4 hogs (D:8)
  A human (D:8)
  30 yaks
  3 hungry ghosts
  4 vampire mosquitoes (Lair:3)
  Edmund (D:5)
  Duvessa (D:4)
  3 mottled dragons
  8 water moccasins
  4 porcupines
  6 hell hounds (Lair:6)
  A black bear (D:9)
  6 orc warriors
  5 ice beasts
  5 sky beasts
  2 phantoms
  5 ogres
  A necrophage (D:7)
  14 wolves
  A boggart (D:12)
  12 centaurs
  14 crocodiles
  2 big kobolds
  19 bullfrogs
  4 water moccasin zombies (Ossuary)
  3 scorpions
  Dowan (D:4)
  A killer bee (D:12)
  8 jellies
  4 bullfrog zombies
  4 lava snakes (Lair:6)
  2 centaur zombies
  6 crimson imps
  A quasit (D:7)
  5 hounds
  8 orc priests
  2 bullfrog skeletons
  9 orc wizards
  2 centaur skeletons
  2 iguanas
  11 worker ants
  4 big kobold zombies (Ossuary)
  3 hound zombies
  A hound skeleton (D:6)
  2 mummies (Ossuary)
  2 worker ant zombies
  3 gnolls
  4 river rats (Sewer)
  12 adders
  2 shadow imps
  11 oozes
  4 worms
  11 leopard geckos
  52 orcs
  7 bats
  10 giant cockroaches
  6 goblins
  7 hobgoblins
  15 jackals
  3 quokkas
  9 ball pythons
  6 frilled lizards
  2 gnoll zombies (Ossuary)
  5 hobgoblin zombies (Ossuary)
  20 kobolds
  7 kobold zombies (Ossuary)
  9 orc zombies (Ossuary)
  A quokka zombie (D:7)
  27 rats
  2 fungi
  6 plants
598 creatures vanquished.

Vanquished Creatures (others)
  A molten gargoyle (Lair:6)
  3 slaves (D:5)
  A bullfrog (D:5)
  An orc wizard (D:8)
  4 orcs
  18 fungi
  6 plants
34 creatures vanquished.

Grand Total: 632 creatures vanquished

Notes
Turn   | Place    | Note
-------+----------+-------------------------------------------
     0 | Abyss:1  | EvilAshe the Minotaur Abyssal Knight began the quest for the Orb.
     0 | Abyss:1  | Reached XP level 1. HP: 19/19 MP: 1/1
     2 | D:1      | Escaped the Abyss
   208 | D:1      | Reached XP level 2. HP: 26/27 MP: 2/2
   274 | D:1      | Reached skill level 3 in Axes
   428 | D:1      | Reached ** piety under Lugonu
   467 | D:1      | Reached XP level 3. HP: 29/33 MP: 3/3
   825 | D:2      | You fall through a shaft for 2 floors!
   861 | D:4      | Noticed a scorpion
   886 | D:4      | Killed a scorpion
   886 | D:4      | Reached XP level 4. HP: 41/41 MP: 4/4
  1000 | D:4      | Reached skill level 4 in Axes
  1033 | D:4      | Noticed Dowan
  1076 | D:4      | Killed Dowan
  1076 | D:4      | Reached XP level 5. HP: 37/47 MP: 5/5
  1370 | D:3      | Reached skill level 5 in Axes
  1684 | D:2      | Reached *** piety under Lugonu
  1927 | D:3      | Reached XP level 6. HP: 55/55 MP: 6/6
  2363 | D:4      | Reached skill level 5 in Fighting
  2627 | D:4      | Noticed Duvessa
  2661 | D:4      | Killed Duvessa
  2737 | D:4      | Reached skill level 6 in Axes
  2951 | D:4      | Reached XP level 7. HP: 55/61 MP: 7/7
  3113 | D:5      | Entered Level 5 of the Dungeon
  3266 | D:5      | Noticed Alannah's ghost (novice GrBe)
  3313 | D:5      | Found Roerphu's Gadget Boutique.
  3445 | D:5      | Found a glowing drain.
  3457 | D:5      | Reached **** piety under Lugonu
  3472 | Sewer    | Entered a sewer
  3967 | Sewer    | Reached skill level 5 in Armour
  4360 | D:5      | Noticed Pikel
  4385 | D:5      | Killed Pikel
  4385 | D:5      | Reached skill level 7 in Axes
  4385 | D:5      | Reached XP level 8. HP: 30/71 MP: 9/9
  4536 | D:5      | Killed Alannah's ghost
  4739 | D:5      | Reached skill level 8 in Axes
  4956 | D:5      | Noticed Edmund
  4981 | D:5      | Killed Edmund
  5134 | D:5      | Found a shadowy altar of Dithmenos.
  5134 | D:5      | Found an opulent altar of Gozag.
  5317 | D:5      | Reached ***** piety under Lugonu
  5514 | D:6      | Found a sand-covered staircase.
  5528 | Ossuary  | Entered an ossuary
  5557 | Ossuary  | Reached skill level 9 in Axes
  5625 | Ossuary  | Reached XP level 9. HP: 69/79 MP: 11/11
  5800 | D:6      | Found an iron altar of Okawaru.
  6067 | D:6      | Found a staircase to the Ecumenical Temple.
  6245 | D:7      | Found Sateeq's Antique Weapon Boutique.
  6370 | D:7      | Reached skill level 5 in Invocations
  6377 | D:7      | Reached skill level 10 in Axes
  6478 | D:7      | Found a blossoming altar of Fedhas.
  6558 | D:7      | Found a white marble altar of Elyvilon.
  7129 | D:8      | Gained mutation: You have large cloven feet. [potion of beneficial mutation]
  7988 | D:8      | Found a sparkling altar of Nemelex Xobeh.
  8305 | D:8      | Reached skill level 11 in Axes
  8305 | D:8      | Reached XP level 10. HP: 79/89 MP: 13/13
  8481 | D:9      | Reached ****** piety under Lugonu
  8853 | D:9      | Found a staircase to the Lair.
  8855 | D:9      | Noticed a death yak
  8931 | D:9      | Killed a death yak
  8935 | D:9      | Reached skill level 12 in Axes
  9469 | D:10     | Entered Level 10 of the Dungeon
  9502 | D:10     | Noticed a cyclops
  9637 | D:10     | Found Buiryh's Food Shoppe.
  9642 | D:10     | Found Duatz's Antique Weapon Shoppe.
  9803 | D:10     | Killed a cyclops
  9803 | D:10     | Reached skill level 10 in Fighting
  9865 | D:10     | Noticed a gargoyle
  9868 | D:10     | Found a staircase to the Orcish Mines.
  9875 | D:10     | Killed a gargoyle
 10026 | D:10     | Reached XP level 11. HP: 91/100 MP: 15/15
 10077 | D:10     | Found Nogiodgh's Weapon Shop.
 10092 | D:10     | Noticed a hill giant
 10127 | D:10     | Got a fine turquoise ring
 10728 | D:10     | Noticed a hill giant
 10916 | Lair:1   | Entered Level 1 of the Lair of Beasts
 11345 | Lair:1   | Reached skill level 13 in Axes
 12257 | D:10     | Found Qiogom's Weapon Boutique.
 12281 | D:10     | Found Oraf's Antique Armour Boutique.
 12283 | D:10     | Bought a +2 broad axe of flaming for 192 gold pieces
 12298 | D:10     | Bought a steaming chain mail for 351 gold pieces
 12298 | D:10     | Identified the +5 chain mail of the Enchanted Forest {*Corrode rC+ SInv} (You bought it in a shop on level 10 of the Dungeon)
 12310 | D:10     | Identified the ring of the Falcon {Fire MR- MP+9 Str+4 Dex+6} (You took it off an orc wizard on level 10 of the Dungeon)
 12343 | D:10     | Found a shadowy altar of Dithmenos.
 12378 | D:10     | Found a white marble altar of Elyvilon.
 12569 | D:10     | Noticed a purple ugly thing
 12607 | D:10     | Killed a purple ugly thing
 12607 | D:10     | Reached skill level 10 in Armour
 12609 | D:10     | Killed a hill giant
 12662 | D:10     | Killed a hill giant
 12939 | D:11     | Found a labyrinth entrance.
 12950 | Lab      | Entered a labyrinth
 13059 | Lab      | Noticed a minotaur
 13076 | Lab      | Killed a minotaur
 13078 | Lab      | Got a transparent silver ring
 13095 | Lab      | Identified the Tome of Fiery Flight
 13102 | Lab      | Identified Zelis's Almanac of the Traveller
 13422 | D:11     | Noticed a centaur warrior
 13441 | D:11     | Killed a centaur warrior
 13441 | D:11     | Reached skill level 14 in Axes
 13514 | D:11     | Noticed a red ugly thing
 13538 | D:11     | Killed a red ugly thing
 13761 | D:11     | Noticed a red ugly thing
 13785 | D:11     | Killed a red ugly thing
 13944 | D:11     | Noticed a five-headed hydra
 13962 | D:11     | Killed a one-headed hydra
 14209 | D:11     | Reached XP level 12. HP: 101/110 MP: 17/17
 15458 | Lair:2   | Identified the Guide on Transmigration and Boosts
 15927 | Lair:3   | Noticed a death yak
 15928 | Lair:3   | Noticed a death yak
 15929 | Lair:3   | Noticed a death yak
 15930 | Lair:3   | Noticed a death yak
 15942 | Lair:2   | Killed a death yak
 15942 | Lair:2   | Reached skill level 15 in Axes
 16196 | Lair:3   | Found a staircase to the Swamp.
 16273 | Lair:3   | Noticed Sanvar's ghost (journeyman TeAE)
 16301 | Lair:3   | Killed Sanvar's ghost
 16745 | Lair:3   | Noticed a death yak
 16745 | Lair:3   | Noticed a death yak
 16752 | Lair:2   | Killed a death yak
 17116 | Lair:3   | Killed a death yak
 17182 | Lair:2   | Killed a death yak
 18022 | Lair:3   | Killed a death yak
 18029 | Lair:3   | Killed a death yak
 18029 | Lair:3   | Reached skill level 16 in Axes
 18029 | Lair:3   | Reached XP level 13. HP: 75/119 MP: 19/19
 18332 | Lair:4   | Found a hole to the Spider Nest.
 20050 | Lair:5   | Reached skill level 10 in Invocations
 20767 | Lair:5   | Identified the Almanac of Blistering Unholy Arts
 20769 | Lair:5   | Identified the ring "Umabump" {rElec rC+} (You took it off a minotaur in a labyrinth)
 21278 | Lair:6   | Entered Level 6 of the Lair of Beasts
 22078 | Lair:6   | Reached skill level 17 in Axes
 22187 | Lair:6   | Found a large runed door.
 22188 | Lair:6   | Found a large runed door.
 22188 | Lair:6   | Noticed a fire dragon
 23460 | Lair:6   | Reached XP level 14. HP: 120/129 MP: 20/20
 23630 | Lair:6   | Found a staircase to the Slime Pits.
 23630 | Lair:6   | Found a viscous altar of Jiyva.
 23760 | Lair:6   | Reached skill level 5 in Dodging
 24710 | D:12     | Noticed McKennaii's ghost (journeyman HEAE)
 24728 | D:12     | Killed McKennaii's ghost
 26293 | D:12     | Killed from afar by a rakshasa (illusionary)

Skill      XL: |  1  2  3  4  5  6  7  8  9 10 11 12 13 14 |
---------------+-------------------------------------------+-----
Axes           | 3 4 5 6 7 9 11 12 14 16 17 | 17.9
Fighting       | 4 5 6 7 8 10 11 12 13 | 13.7
Armour         | 3 4 5 6 8 9 10 12 13 | 13.7
Dodging        | 2 4 5 |  5.8
Invocations    | 2 3 4 5 7 8 9 10 11 | 11.0

Action                   |  1- 3 |  4- 6 |  7- 9 | 10-12 | 13-15 || total
-------------------------+-------+-------+-------+-------+-------++-------
Melee: Hand axe          |    74 |     1 |       |       |       ||    75
       Headbutt          |     3 |    23 |    92 |   125 |   121 ||   364
       War axe           |       |   159 |   561 |   306 |       ||  1026
       Kick              |       |       |    18 |   186 |   165 ||   369
       Broad axe         |       |       |       |    79 |    24 ||   103
       Battleaxe         |       |       |       |   243 |   552 ||   795
Throw: Tomahawk          |       |    18 |    22 |    35 |    70 ||   145
Invok: Banish            |       |       |       |     3 |       ||     3
Evoke: Wand              |       |       |     9 |    15 |     7 ||    31
       Lamp of fire      |       |       |       |     1 |       ||     1
  Use: Scroll            |     2 |     1 |    16 |    14 |     3 ||    36
       Potion            |     2 |       |     2 |     9 |     7 ||    20
 Stab: Invisible         |       |       |     2 |     1 |       ||     3
       Distracted        |       |       |       |     1 |       ||     1
       Sleeping          |       |       |       |       |     2 ||     2
  Eat: Chunk             |       |     7 |    16 |    22 |    19 ||    64
       Pizza             |       |       |     1 |       |       ||     1
       Fruit             |       |       |       |    13 |     7 ||    20
       Meat ration       |       |       |       |     1 |       ||     1
       Royal jelly       |       |       |       |       |     2 ||     2
Armor: Leather armour    |    13 |     1 |       |       |       ||    14
       Skin              |    19 |       |       |    18 |    19 ||    56
       Chain mail        |       |   107 |   240 |   157 |       ||   504
       Plate armour      |       |       |    62 |   151 |       ||   213
       Shadow dragon sca |       |       |       |    41 |   409 ||   450
Dodge: Dodged            |    36 |    82 |   223 |   206 |   236 ||   783
